Map: Cactus Valley LE (Void)

Players

scttooo - Winner!

  • Race: Terran Terran
  • League: Diamond
  • Spawn Location: 1:00

Neuro

  • Race: Protoss Protoss
  • League: Master
  • Spawn Location: 5:00

VOD

Have the link to the VOD?

Description

Time

  • Played on: Jan. 28, 2017, 4:20 p.m.
  • Length: 6:50
Show
View Real Time Build Order
Export as new Build Order

scttooo Terran - Winner!

Build Orders:  

Get SALT Encoding   

  12  0:00  SCV  
  13  0:13  SCV  
  14  0:18  Supply Depot  
  14  0:25  SCV  
  15  0:40  Barracks, SCV  
  16  0:45  Refinery  
  16  0:52  SCV  
  17  1:04  SCV  
  18  1:16  SCV  
  19  1:28  Barracks Reactor  
  19  1:29  Orbital Command  
  19  1:43  Command Center  
  19  1:54  Barracks  
  19  2:04  Supply Depot  
  19  2:06  SCV  
  19  2:08  Marine  
  20  2:12  Marine  
  22  2:18  SCV  
  23  2:26  Marine  
  24  2:30  Marine  
  24  2:33  Factory  
  24  2:36  SCV  
  26  2:41  Refinery, Barracks Tech Lab  
  26  2:44  Marine  
  26  2:48  Marine  
  28  2:52  SCV  
  29  2:59  Orbital Command  
  29  3:04  Stimpack  
  29  3:12  SCV  
  30  3:13  Marine x2  
  32  3:24  SCV, Starport  
  32  3:26  SCV  
  34  3:29  Factory Reactor  
  34  3:32  Marine  
  34  3:33  Marine  
  36  3:36  SCV  
  36  3:40  Supply Depot  
  37  3:42  Marine  
  37  3:47  SCV  
  39  3:49  Marine  
  39  3:51  Marine  
  39  3:52  SCV  
  42  4:04  Supply Depot, Marauder  
  44  4:10  Medivac  
  44  4:11  Medivac, Marine  
  44  4:12  SCV  
  44  4:15  Refinery  
  50  4:17  SCV  
  50  4:19  Marine  
  52  4:26  Supply Depot  
  52  4:28  Marauder  
  52  4:29  SCV  
  52  4:41  Marine  
  52  4:42  SCV  
  52  4:43  SCV  
  52  4:44  Marine  
  56  4:49  Marine  
  57  4:56  Medivac x2  
  57  4:59  Marine  
  62  5:02  Marine, Supply Depot  
  63  5:07  Marine  
  63  5:10  Engineering Bay, SCV  
  65  5:17  Marine  
  65  5:20  Marine  
  67  5:25  Marine  
  67  5:30  SCV  
  67  5:34  Marine  
  69  5:37  Barracks, Marine  
  69  5:38  SCV  
  69  5:39  Barracks  
  70  5:43  Marine, SCV  
  70  5:47  Missile Turret  
  71  5:50  SCV  
  71  5:52  Marine  
  71  5:55  Marine, SCV  
  75  6:00  Marine  
  76  6:04  SCV  
  76  6:10  Marine  
  76  6:13  Marine  
  77  6:18  Marine  
  77  6:20  Medivac  
  77  6:22  SCV  
  78  6:26  Supply Depot, Missile Turret  
Show
View Real Time Build Order
Export as new Build Order

Neuro Protoss 

Build Orders: 1 Gate Expand, Oracle Opening 

Get SALT Encoding   

  12  0:01  Probe (Chrono Boost)  
  13  0:11  Probe (Chrono Boost)  
  14  0:18  Pylon  
  14  0:26  Probe (Chrono Boost)  
  15  0:37  Probe (Chrono Boost)  
  15  0:41  Gateway  
  16  0:47  Probe (Chrono Boost)  
  17  0:53  Assimilator  
  17  0:58  Probe (Chrono Boost)  
  18  1:08  Probe (Chrono Boost)  
  19  1:19  Probe (Chrono Boost)  
  20  1:26  Nexus  
  20  1:30  Probe (Chrono Boost)  
  21  1:45  Cybernetics Core  
  21  1:50  Pylon  
  21  1:51  Probe (Chrono Boost)  
  22  1:56  Assimilator  
  22  2:00  Pylon  
  22  2:07  Probe (Chrono Boost)  
  23  2:18  Probe (Chrono Boost)  
  24  2:24  Stalker  
  24  2:29  Mothership Core (Chrono Boost)  
  28  2:39  Probe (Chrono Boost)  
  29  2:47  Probe (Chrono Boost)  
  29  2:48  Warp Gate  
  29  2:50  Probe (Chrono Boost)  
  31  2:53  Stargate  
  31  3:00  Probe (Chrono Boost)  
  31  3:01  Probe (Chrono Boost)  
  33  3:11  Probe (Chrono Boost)  
  35  3:13  Probe (Chrono Boost)  
  35  3:21  Probe (Chrono Boost)  
  35  3:25  Probe (Chrono Boost)  
  35  3:26  Robotics Facility  
  37  3:32  Probe (Chrono Boost)  
  38  3:37  Probe (Chrono Boost)  
  39  3:42  Oracle  
  39  3:43  Probe (Chrono Boost)  
  44  3:49  Probe (Chrono Boost)  
  44  3:54  Assimilator  
  44  3:55  Probe (Chrono Boost)  
  45  3:59  Gateway  
  45  4:00  Assimilator  
  45  4:03  Gateway  
  45  4:07  Gateway  
  45  4:08  Twilight Council  
  45  4:12  Probe (Chrono Boost)  
  47  4:17  Probe (Chrono Boost)  
  47  4:18  Observer  
  49  4:24  Probe (Chrono Boost)  
  49  4:44  Forge  
  49  4:45  Immortal  
  53  4:48  Probe (Chrono Boost)  
  54  5:18  Nexus  
  54  5:20  Pylon  
  54  5:22  Pylon  
  54  5:24  Pylon  
  52  5:30  Pylon  
  48  5:38  Probe (Chrono Boost), Immortal  
  48  5:39  Probe (Chrono Boost)  
  54  5:48  Probe (Chrono Boost)  
  54  5:50  Probe (Chrono Boost)  
  54  5:56  Stalker x2  
  54  5:57  Stalker  
  57  6:01  Probe (Chrono Boost)  
  42  6:20  Stalker  
  42  6:22  Zealot  
Tags
 
Add a new tag
Caveats
  • Supply blocks, unpowered buildings, or Contaminate may cause inaccurate times.
  • Supply counts are checked every 10 seconds.